cohdb
Replays
Latest Replays
All Replays
Popular Replays
Top Player Replays
Match Explorer
How It Works
Community
CoH3 Stats
Reddit
Sign in to upload your games and track your stats! →
Sign in with Steam
Match 42811686
Unlisted
Match 42811686
Overview
Messages
Build Orders
End
Kradschützen Motorcycle Team
Kradschützen Motorcycle Team
Selects Armored Support Battlegroup
Selects Armored Support Battlegroup
250 Light Carrier
Construct Light Support Kompanie
Assault Grenadier Squad
Selects Superior Fire Drills
Panzerjäger Squad
MG34 Team
Construct Mechanized Kompanie
8 Rad Armored Car
Vehicle Survival Package
Selects Salvage Kits
Assault Grenadier Squad
Veteran Squad Leaders
8 Rad Armored Car
Support Armor Elements
2.5-tonne Medical Truck
Marder III Tank Destroyer
Selects Flammpanzer III Medium Tank
StuG III D Assault Gun
Marder III Tank Destroyer
Emergency Repair Kits
254 Reconnaissance Tractor
Rapid Advance
MG34 Team
Flakvierling Half-track
Selects Panzer Storm
Selects Stuka Anti-tank Loiter
Marder III Tank Destroyer
Assault Grenadier Squad
Willaguy
SteelMan
0
0
Comments
sign in to comment!
No comments posted yet!